 Dungeon Crawl Stone Soup version 0.24-a0-416-g56ce5178b7 (webtiles) character file.

Game seed: 14224121780671755968

126194 redpills the Severer (level 17, -1/147 HPs)
             Began as a Formicid Fighter on June 8, 2019.
             Was the Champion of Qazlal.
             Succumbed to a redback's poison
             ... on level 1 of the Spider Nest.
             The game lasted 01:12:57 (30020 turns).

redpills the Severer (Formicid Fighter)            Turns: 30020, Time: 01:13:00

Health: -1/147     AC: 30    Str: 27    XL:     17   Next: 52%
Magic:  2/26       EV:  8    Int: 14    God:    Qazlal [******]
Gold:   2509       SH: 30    Dex: 10    Spells: 15/16 levels left

rFire    + . .     SeeInvis +   a - +7 battleaxe (freeze)
rCold    . . .     Gourm    .   l - +1 large shield {rN+}
rNeg     + . .     Faith    .   w - +3 plate armour
rPois    +         Spirit   +   (helmet unavailable)
rElec    .         Reflect  .   E - +1 cloak
rCorr    +         Harm     .   V - +1 pair of gloves "Irue" {*Slow rCorr Int+5}
MR       +....                  (no boots)
Stlth    ..........             d - amulet of guardian spirit
HPRegen  0.34/turn              h - ring of protection from fire
MPRegen  0.20/turn              t - ring of poison resistance

@: lethally poisoned (-1 -> -95), protected from physical damage, studying
Fighting, repel missiles
A: permanent stasis, dig shafts and tunnels, four strong arms, antennae 3, icy
blue scales 1, yellow scales 1, wild magic 1
a: Dig, Shaft Self, Upheaval, Elemental Force, Disaster Area, Renounce Religion


You were on level 1 of the Spider Nest.
You worshipped Qazlal.
Qazlal was exalted by your worship.
You were not hungry.

You visited 5 branches of the dungeon, and saw 26 of its levels.
You also visited: Sewer and Gauntlet.

You collected 2956 gold pieces.
You spent 447 gold pieces at shops.

Inventory:

Hand Weapons
 a - a +7 battleaxe of freezing (weapon)
 M - a +3 scimitar of flaming
 N - the +4 war axe of Teumn {drain, MR- Dex+5}
   (You bought it in a shop on level 9 of the Dungeon)

   A truly terrible weapon, it drains the life of those it strikes.
   It affects your dexterity (+5).
   It affects your resistance to hostile enchantments.
Missiles
 m - 7 silver javelins
 v - 20 javelins (quivered)
 x - 10 boomerangs of dispersal
Armour
 c - a +1 plate armour of fire resistance
 l - a +1 large shield of positive energy (worn)
 w - a +3 plate armour (worn)
 E - a +1 cloak (worn)
 H - a +1 buckler of cold resistance
 V - the +1 pair of gloves "Irue" (worn) {*Slow rCorr Int+5}
   (You bought it in a shop on level 2 of the Orcish Mines)

   It affects your intelligence (+5).
   It provides partial protection from all sources of acid and corrosion.
   It may slow you when you take damage.
Jewellery
 d - an amulet of guardian spirit (around neck)
 h - a ring of protection from fire (left hand)
 q - an uncursed ring of protection from cold
 t - a ring of poison resistance (right hand)
 J - an uncursed ring of protection from cold
Wands
 b - a wand of polymorph (4)
 g - a wand of paralysis (12)
 A - a wand of flame (10)
 C - a wand of enslavement (9)
 G - a wand of acid (5)
 P - a wand of digging (8)
 U - a wand of disintegration (27)
 W - a wand of clouds (2)
Scrolls
 e - 4 scrolls of fear
 i - 2 scrolls of enchant armour
 u - 3 scrolls of immolation
 B - 4 scrolls of fog
 F - 11 scrolls of remove curse
 L - a scroll of silence
 Q - 4 scrolls of identify
 R - a scroll of magic mapping
 T - 5 scrolls of amnesia
 Y - 3 scrolls of vulnerability {unknown}
Potions
 j - a potion of ambrosia
 n - a potion of mutation
 o - 5 potions of curing
 p - 2 potions of lignification
 r - 2 potions of magic
 s - 7 potions of heal wounds
 z - 3 potions of agility
 D - 3 potions of brilliance
 I - 2 potions of resistance
 K - 4 potions of flight
 O - 2 potions of cancellation
 S - 3 potions of invisibility
Books
 k - a manual of Fighting
Miscellaneous
 y - a phial of floods
Comestibles
 f - 49 rations


   Skills:
 * Level 17.0 Fighting
 + Level 17.4 Axes
 * Level 12.6 Armour
 + Level 14.7 Shields
 - Level 12.5 Invocations


You had 15 spell levels left.
You knew the following spells:

 Your Spells              Type           Power        Failure   Level  Hunger
a - Confusing Touch       Hex            #.....       95%         1    ##.....

Your spell library contained the following spells:

 Spells                   Type           Power        Failure   Level  Hunger
 Apportation              Tloc           #.....       95%         1    ##.....
 Freeze                   Ice            #...         95%         1    ##.....
 Magic Dart               Conj           #...         95%         1    ##.....
 Call Imp                 Summ           #.......     99%         2    ###....
 Ensorcelled Hibernation  Hex/Ice        #.....       99%         2    ###....
 Searing Ray              Conj           #.....       99%         2    ###....
 Shroud of Golubria       Chrm/Tloc      #.....       99%         2    ###....
 Slow                     Hex            #.......     99%         2    ###....
 Throw Frost              Conj/Ice       #.....       99%         2    ###....
 Conjure Flame            Conj/Fire      #.......     100%        3    ####...
 Dazzling Spray           Conj/Hex       #.....       100%        3    ####...
 Lesser Beckoning         Tloc           #.........   100%        3    ####...
 Mephitic Cloud           Conj/Pois/Air  #.......     100%        3    ####...
 Ozocubu's Armour         Chrm/Ice       #.......     100%        3    ####...
 Portal Projectile        Hex/Tloc       #.....       100%        3    ####...
 Recall                   Summ/Tloc      N/A          100%        3    ####...
 Summon Guardian Golem    Hex/Summ       #.......     100%        3    ####...
 Cause Fear               Hex            #.........   100%        4    #####..
 Force Lance              Conj/Tloc      #.......     100%        4    #####..
 Fulminant Prism          Conj/Hex       #.........   100%        4    #####..
 Iskenderun's Mystic Bla  Conj           #.......     100%        4    #####..
 Leda's Liquefaction      Hex/Erth       #.........   100%        4    #####..
 Summon Ice Beast         Ice/Summ       #.......     100%        4    #####..
 Summon Lightning Spire   Summ/Air       #.......     100%        4    #####..
 Throw Icicle             Conj/Ice       #.......     100%        4    #####..
 Bolt of Magma            Conj/Fire/Erth #.........   100%        5    ######.
 Iskenderun's Battlesphe  Conj/Chrm      #.......     100%        5    ######.
 Metabolic Englaciation   Hex/Ice        #.........   100%        5    ######.
 Silence                  Hex/Air        #.........   100%        5    ######.
 Venom Bolt               Conj/Pois      #.........   100%        5    ######.
 Conjure Ball Lightning   Conj/Air       #.........   100%        6    #######
 Darkness                 Hex            #.........   100%        6    #######
 Deflect Missiles         Chrm/Air       #.........   100%        6    #######
 Invisibility             Hex            #.......     100%        6    #######
 Iron Shot                Conj/Erth      #.........   100%        6    #######
 Statue Form              Tmut/Erth      #........    100%        6    #######
 Malign Gateway           Summ/Tloc      #.........   100%        7    #######
 Orb of Destruction       Conj           #.........   100%        7    #######
 Spellforged Servitor     Conj/Summ      #.........   100%        7    #######
 Shatter                  Erth           #.........   100%        9    #######
 Tornado                  Air            #.........   100%        9    #######
 Blink                    Tloc           Unusable     N/A         2    N/A

Dungeon Overview and Level Annotations

Branches:
Dungeon (15/15)            Temple (1/1) D:4            Lair (6/6) D:10
  Swamp (0/4) Lair:4       Spider (2/4) Lair:3        Slime (0/5) Lair:5
    Orc (2/2) D:10            Elf (0/3) Orc:2        Vaults (0/5) D:14
 Depths (0/5) D:15

Altars:
Ashenzari
Cheibriados
Dithmenos
Fedhas
Gozag
Hepliaklqana
Makhleb
Nemelex Xobeh
Okawaru
Qazlal
Ru
Sif Muna
Trog
Uskayaw
Vehumet
Xom
Yredelemnul
Zin
The Shining One
Beogh
Jiyva

Shops:
D:7 ?   D:9 (   Orc:2 %}[:

Annotations:
D:2 exclusion: downstairs
D:13 3 runed translucent doors, Lanoc's ghost, journeyman MiCK
Lair:5 1 runed translucent door


Innate Abilities, Weirdness & Mutations

You cannot be hasted, slowed, berserked, paralysed or teleported.
You can dig through walls and to a lower floor.
Your four strong arms can wield two-handed weapons with a shield.
You have a pair of large antennae on your head. (SInv)
You are partially covered in icy blue scales. (AC +2)
You are partially covered in yellow scales. (AC +2)
Your spells are a little harder to cast, but a little more powerful.


Message History

You feel sick. The wolf spider hits you!
* * * LOW HITPOINT WARNING * * *
You block the wolf spider's attack. The redback bites you!
* * * LOW HITPOINT WARNING * * *
You are more poisoned.
The redback poisons you!
The redback is engulfed in blazing flames.
You block the redback's attack. x2
The wolf spider hits you but does no damage.
The wolf spider barely misses you. The redback bites you!
* * * LOW HITPOINT WARNING * * *
You are more poisoned.
The redback poisons you!
The moth of wrath is engulfed in blazing flames.
The moth of wrath goads the redback on!
The redback goes berserk!
The moth of wrath goads the redback on!
The redback goes berserk!
The redback is engulfed in blazing flames.
You block the redback's attack. x2
You climb upwards.
You die...

#.#...(#..........## #.....###
.#..#..........#..## ###....#
....#.........###..# ####..###
...#...#.....## #### #.^....#
.............#### #....^##
....####.^.#....## ###^...##
.....# #####>....#### #.....##
#...## ##..s....# ##....#.#
...)###### ##...@s.## #......##
....#.#..###^..ss...#####...#....
.....................##........[.
.................................
...........#..#..................
............######...............
.........#### #...#.#.........
...^..#### #..#............
.....## #####...........


You could see a wolf spider (berserk) and 3 redbacks.

Vanquished Creatures
  Agnes (D:15)
  Kirke (Lair:5)
  An orc warlord (Orc:2)
  A very ugly thing (D:13)
  A minotaur (Gauntlet)
  A fire dragon (D:14)
  4 catoblepae
  6 hydras
  8 centaur warriors
  4 two-headed ogres
  2 tengu warriors (D:13)
  Urug (Lair:2)
  19 death yaks
  An ogre mage (D:15)
  4 orc high priests (Orc:2)
  4 unseen horrors
  A death drake (shapeshifter) (D:15)
  A wizard (D:15)
  A glowing orange brain (D:13)
  A wolf spider zombie (D:14)
  Pikel (D:5)
  3 orb spiders
  A phantasmal warrior (D:14)
  6 orc sorcerers
  6 ugly things (D:13)
  5 orc knights
  3 manticores
  8 wolf spiders
  7 cyclopes
  An elephant (Lair:5)
  5 black mambas
  8 spiny frogs
  2 naga magi (D:15)
  A torpor snail (Spider:1)
  A kobold demonologist (D:15)
  An efreet (D:9)
  5 demonic crawlers
  12 komodo dragons
  2 rime drakes
  A freezing wraith (D:15)
  A queen bee (Lair:3)
  7 trolls
  3 meliai (D:15)
  A hornet (shapeshifter) (D:14)
  10 jumping spiders
  A polar bear (Lair:6)
  Prince Ribbit (D:6)
  A hornet (D:12)
  A raiju (Gauntlet)
  A harpy skeleton (D:14)
  10 slime creatures
  10 hippogriffs
  A shadow (D:13)
  34 redbacks
  2 wraiths
  Sigmund (D:5)
  6 hogs
  3 steam dragons
  11 tarantellas
  Eustachio (D:4)
  A basilisk (D:10)
  5 wyverns
  71 yaks
  A human (D:7)
  5 vampire mosquitoes
  A hungry ghost (D:9)
  A human (shapeshifter) (D:15)
  2 wargs (Orc:2)
  2 swamp worms (Gauntlet)
  Menkaure (D:6)
  A soldier ant (D:9)
  4 porcupines
  11 water moccasins
  Purgy (Sewer)
  4 ice beasts (D:4)
  2 slaves (D:5)
  A swamp drake (Lair:1)
  2 sky beasts
  41 orc warriors
  A necrophage (D:9)
  A black bear (D:10)
  12 centaurs
  2 phantoms
  28 ogres
  23 wolves
  23 crocodiles
  Blork the orc (D:4)
  4 big kobolds
  19 bullfrogs
  A wyvern zombie (D:8)
  A wyvern skeleton (D:11)
  5 scorpions
  2 water moccasin skeletons (D:9)
  45 killer bees
  8 wights
  5 electric eels
  7 howler monkeys
  6 crimson imps
  5 bullfrog zombies
  4 centaur zombies
  2 quasits
  5 jellies
  7 centaur skeletons
  5 bullfrog skeletons
  31 orc priests
  Crazy Yiuf (D:5)
  8 hounds
  32 orc wizards
  11 iguanas
  Jessica (D:3)
  12 worker ants
  A killer bee zombie (D:7)
  2 hound skeletons
  A worker ant zombie (D:4)
  Robin (D:3)
  12 gnolls
  A howler monkey skeleton (D:4)
  10 adders
  A shadow imp (D:8)
  An adder skeleton (D:9)
  2 adder zombies (D:4)
  A worm (D:3)
  2 dart slugs
  13 leopard geckos
  107 orcs
  2 ball pythons
  6 giant cockroaches
  11 goblins
  6 hobgoblins
  5 jackals
  6 quokkas
  A ball python zombie (D:4)
  9 bats
  7 frilled lizards
  2 goblin zombies (D:8)
  A hobgoblin zombie (D:8)
  A jackal skeleton (D:4)
  29 kobolds
  A kobold skeleton (D:8)
  2 kobold zombies (D:8)
  A leopard gecko skeleton (D:4)
  2 orc skeletons (D:8)
  An orc zombie (D:8)
  8 rats
  2 butterflies (Lair:1)
  6 plants
987 creatures vanquished.

Vanquished Creatures (collateral kills)
  A very ugly thing (D:13)
  A death knight (D:15)
  A tengu warrior (D:13)
  An ugly thing (D:13)
  A cyclops (D:15)
  2 freezing wraiths (D:15)
  2 slime creatures (D:13)
  A warg (Orc:2)
  A centaur (D:15)
  An orc wizard (D:9)
  An orc (D:13)
13 creatures vanquished.

Vanquished Creatures (others)
  A slave (D:5)
  An orc wizard (D:5)
  8 fungi
  9 plants
19 creatures vanquished.

Grand Total: 1019 creatures vanquished

Notes
Turn   | Place    | Note
-------+----------+-------------------------------------------
     0 | D:1      | redpills the Formicid Fighter began the quest for the Orb.
     0 | D:1      | Reached XP level 1. HP: 18/18 MP: 1/1
    75 | D:1      | Reached XP level 2. HP: 15/24 MP: 2/2
   897 | D:2      | Reached XP level 3. HP: 29/29 MP: 3/3
  1212 | D:2      | Reached XP level 4. HP: 35/35 MP: 4/4
  1608 | D:2      | Reached XP level 5. HP: 21/41 MP: 5/5
  1972 | D:3      | Reached skill level 5 in Axes
  2074 | D:3      | Noticed Jessica
  2093 | D:3      | Killed Jessica
  2093 | D:3      | Reached XP level 6. HP: 29/47 MP: 6/6
  2320 | D:3      | Identified Jessica's Compendium of Augmentations
  2517 | D:3      | Noticed Robin
  2535 | D:3      | Killed Robin
  2604 | D:3      | Noticed an ogre
  2610 | D:3      | Killed an ogre
  2815 | D:4      | Found a staircase to the Ecumenical Temple.
  2824 | Temple   | Entered the Ecumenical Temple
  2832 | Temple   | Became a worshipper of Qazlal Stormbringer
  2927 | D:4      | Found a shadowy altar of Dithmenos.
  2987 | D:4      | Found a glowing drain.
  2991 | Sewer    | Entered a sewer
  3037 | Sewer    | Noticed Purgy
  3049 | Sewer    | Killed Purgy
  3049 | Sewer    | Reached XP level 7. HP: 40/52 MP: 7/7
  3469 | D:4      | Found a blossoming altar of Fedhas.
  3480 | D:4      | Found a transporter.
  3486 | D:4      | Noticed Blork the orc
  3502 | D:4      | Killed Blork the orc
  3713 | D:4      | Reached XP level 8. HP: 58/60 MP: 8/8
  3720 | D:4      | Found a transporter.
  3787 | D:4      | Noticed Eustachio
  3800 | D:4      | Killed Eustachio
  3832 | D:4      | Reached skill level 5 in Shields
  4109 | D:5      | Entered Level 5 of the Dungeon
  4127 | D:5      | Reached * piety under Qazlal
  4729 | D:5      | Noticed Pikel
  4750 | D:5      | Killed Pikel
  4750 | D:5      | Reached XP level 9. HP: 49/67 MP: 9/9
  4884 | D:5      | Reached skill level 5 in Fighting
  4884 | D:5      | Reached skill level 5 in Armour
  4987 | D:5      | Noticed Sigmund
  4999 | D:5      | Killed Sigmund
  5871 | D:5      | Found a runed translucent door.
  5872 | D:5      | Noticed Crazy Yiuf
  5917 | D:5      | Found a shattered altar of Ashenzari.
  5990 | D:5      | Killed Crazy Yiuf
  6382 | D:6      | Found a radiant altar of Vehumet.
  6438 | D:6      | Noticed Menkaure
  6441 | D:6      | Killed Menkaure
  6441 | D:6      | Reached skill level 10 in Axes
  6694 | D:6      | Noticed Prince Ribbit
  6695 | D:6      | Found a deep blue altar of Sif Muna.
  6712 | D:6      | Killed Prince Ribbit
  6712 | D:6      | Reached XP level 10. HP: 38/76 MP: 10/10
  7317 | D:6      | Reached ** piety under Qazlal
  7643 | D:7      | Reached skill level 1 in Invocations
  8684 | D:7      | Found a sparkling altar of Nemelex Xobeh.
  8873 | D:7      | Found Roegug's Magic Scroll Shop.
  9068 | D:7      | Found a glowing silver altar of Zin.
  9862 | D:8      | Reached *** piety under Qazlal
  9920 | D:8      | Reached XP level 11. HP: 29/84 MP: 13/13
 10089 | D:8      | Found a glowing golden altar of the Shining One.
 10935 | D:9      | Noticed a centaur warrior
 10950 | D:9      | Killed a centaur warrior
 11969 | D:9      | Reached **** piety under Qazlal
 12002 | D:9      | Reached skill level 5 in Invocations
 12699 | D:9      | Found Paji's Antique Weapon Emporium.
 12702 | D:9      | Bought a twisted war axe for 229 gold pieces
 12702 | D:9      | Identified the +4 war axe of Teumn {drain, MR- Dex+5} (You
                  | bought it in a shop on level 9 of the Dungeon)
 12896 | D:10     | Entered Level 10 of the Dungeon
 12939 | D:10     | Identified a scroll of acquirement
 13186 | D:10     | Found a staircase to the Lair.
 13524 | D:10     | Reached ***** piety under Qazlal
 13590 | D:10     | Noticed an orc knight
 13613 | D:10     | Killed an orc knight
 13613 | D:10     | Reached XP level 12. HP: 69/94 MP: 16/16
 13647 | D:10     | Found a staircase to the Orcish Mines.
 13648 | D:10     | Found a roughly hewn altar of Beogh.
 14587 | D:11     | Noticed a centaur warrior
 14599 | D:11     | Killed a centaur warrior
 14734 | D:11     | Noticed an unseen horror
 14749 | D:11     | Killed an unseen horror
 14868 | D:11     | Noticed a five-headed hydra
 14872 | D:11     | Noticed a centaur warrior
 14880 | D:11     | Killed a one-headed hydra
 14880 | D:11     | Reached skill level 10 in Shields
 14889 | D:11     | Killed a centaur warrior
 14906 | D:11     | Reached skill level 10 in Fighting
 15006 | D:11     | Noticed an unseen horror
 15022 | D:11     | Killed an unseen horror
 15022 | D:11     | Reached XP level 13. HP: 88/103 MP: 18/18
 15303 | D:11     | Found the +10 Black Knight's horse barding {ponderous,
                  | rPois rN+}
 15655 | D:12     | Reached ****** piety under Qazlal
 16275 | D:13     | Noticed a centaur warrior
 16284 | D:13     | Killed a centaur warrior
 16900 | D:13     | Found a runed translucent gate.
 16900 | D:13     | Found a runed translucent gate.
 16900 | D:13     | Found a runed translucent gate.
 16901 | D:13     | Noticed a green very ugly thing
 16901 | D:13     | Noticed a white very ugly thing
 17272 | D:13     | Killed a cyan very ugly thing
 17288 | D:13     | Killed a purple very ugly thing
 17288 | D:13     | Reached XP level 14. HP: 55/113 MP: 16/20
 17513 | D:13     | Found a runed translucent gate.
 17513 | D:13     | Found a runed translucent gate.
 17521 | D:13     | Found a runed translucent gate.
 17524 | D:13     | Noticed Lanoc's ghost (journeyman MiCK)
 17534 | D:13     | Gained mutation: You are partially covered in yellow
                  | scales. (AC +2) [potion of mutation]
 17534 | D:13     | Gained mutation: Your spells are a little harder to cast,
                  | but a little more powerful. [potion of mutation]
 17534 | D:13     | Gained mutation: You are partially covered in icy blue
                  | scales. (AC +2) [potion of mutation]
 17935 | D:14     | Found a blossoming altar of Fedhas.
 18009 | D:14     | Reached skill level 10 in Armour
 18342 | D:14     | Found a gate to the Vaults.
 18414 | D:15     | Entered Level 15 of the Dungeon
 18421 | D:15     | Noticed Agnes
 18432 | D:15     | Killed Agnes
 18467 | D:15     | Reached skill level 10 in Invocations
 18473 | D:15     | Reached skill level 15 in Axes
 19606 | D:15     | Reached XP level 15. HP: 122/122 MP: 22/22
 19607 | D:15     | Found a staircase to the Depths.
 20366 | Lair:1   | Entered Level 1 of the Lair of Beasts
 21387 | Lair:2   | Noticed Urug
 21396 | Lair:2   | Killed Urug
 22436 | Lair:3   | Found a gate leading to a gauntlet.
 22452 | Gauntlet | Entered a Gauntlet
 22452 | Gauntlet | Found a transporter.
 22452 | Gauntlet | Found a transporter.
 22455 | Gauntlet | Found a transporter.
 22470 | Gauntlet | Found a transporter.
 22475 | Gauntlet | Found a transporter.
 22483 | Gauntlet | Found a transporter.
 22486 | Gauntlet | Found a transporter.
 22494 | Gauntlet | Found a transporter.
 22510 | Gauntlet | Found a transporter.
 22524 | Gauntlet | Found a transporter.
 22528 | Gauntlet | Found a transporter.
 22536 | Gauntlet | Found a transporter.
 22612 | Gauntlet | Got a transparent crystal amulet
 22613 | Gauntlet | Identified the amulet "Seadduak" {Inacc Str+9 Int-2} (You
                  | found it in a Gauntlet)
 22661 | Gauntlet | Identified Qearizaw's Reference Book on Translocation
 22668 | Gauntlet | Identified the Compendium of Malediction
 22700 | Lair:3   | Found a hole to the Spider Nest.
 23572 | Lair:4   | Found a staircase to the Swamp.
 24349 | Lair:5   | Noticed Nessos
 24353 | Lair:5   | Noticed Nessos
 24353 | Lair:5   | Nessos changed into Nessos the redback
 24360 | Lair:5   | Killed Nessos the redback
 24392 | Lair:5   | Noticed Kirke
 24411 | Lair:5   | Killed Kirke
 24411 | Lair:5   | Reached XP level 16. HP: 88/134 MP: 18/24
 24936 | Lair:5   | Found a runed translucent door.
 24936 | Lair:5   | Found a viscous altar of Jiyva.
 24937 | Lair:5   | Found a staircase to the Slime Pits.
 25290 | Lair:6   | Entered Level 6 of the Lair of Beasts
 25346 | Lair:6   | Reached skill level 15 in Fighting
 26552 | Lair:6   | Learned a level 1 spell: Confusing Touch
 26849 | Orc:1    | Entered Level 1 of the Orcish Mines
 26913 | Orc:2    | Entered Level 2 of the Orcish Mines
 27355 | Orc:2    | Found Ycuedoni's Food Emporium.
 27370 | Orc:2    | Found a roughly hewn altar of Beogh.
 27466 | Orc:2    | Found Uluar's Gadget Shoppe.
 27674 | Orc:2    | Reached XP level 17. HP: 68/144 MP: 9/26
 27741 | Orc:2    | Found a roughly hewn altar of Beogh.
 28158 | Orc:2    | Found Yvulum's Book Emporium.
 28185 | Orc:2    | Found Cosedoc's Antique Armour Shop.
 28192 | Orc:2    | Bought a pair of translucent gloves for 218 gold pieces
 28202 | Orc:2    | Identified the +1 pair of gloves "Irue" {*Slow rCorr Int+5}
                  | (You bought it in a shop on level 2 of the Orcish Mines)
 28495 | Orc:2    | Found a staircase to the Elven Halls.
 29378 | Spider:1 | Entered Level 1 of the Spider Nest
 30020 | Spider:1 | Succumbed to a redback's poison

Levels and vault maps discovered:
D:1:      onia_arrival_mini_spirals, layout_basic
D:2:      layout_rooms, first_ration
D:3:      layout_basic, kennysheep_jessica_study, uniq_robin, uniq_jessica
D:4:      gammafunk_cloud_chamber, layout_rooms, nicolae_dithmenos_the_darkroom,
          fedhas_bush_and_centaur_altar, minmay_temple_entry_tees,
          serial_undead, serial_undead_c, serial_undead_d, serial_undead_d,
          serial_undead_b, serial_undead_e, serial_undead_a,
          gup_sewer_entry_bowl, minmay_misc_feat_x, skrybe_limestone_x,
          chequers_decorated_corner, interstate_on_off, uniq_blork_the_orc,
          uniq_eustachio
D:5:      layout_basic, serial_curves, eino_curves_01, eino_curves_04,
          eino_curves_04, ashenzari_altar_1, uniq_pikel,
          uniq_crazy_yiuf_cottage, uniq_sigmund
D:6:      layout_basic, lemuel_round_altar, marbit_many_paths,
          uniq_prince_ribbit1, uniq_menkaure
D:7:      layout_basic, zin_treasury, lemuel_crystal_altar, serial_shops, shop,
          grunt_livestock, serial_park_tiny_pond, hangedman_decor_opposing
D:8:      layout_cave_pools, nicolae_tso_besieged_by_evil
D:9:      minmay_cut_squares, layout_loops_ring, serial_shops,
          nicolae_shop_trees
D:10:     layout_basic, erik_lair_dragon, david_orc_5, hangedman_decor_points,
          minmay_unpleasant_kobolds
D:11:     layout_long_grid, grunt_potential
D:12:     layout_loops_corners
D:13:     layout_cave_pools, ploomutoo_gammafunk_ghost_potion_laboratory,
          serial_bayou, serial_bayou_crossing, serial_bayou_pond_c,
          serial_bayou_pond_b, serial_bayou_shore_b,
          minmay_misc_feat_four_crosses, nrook_mini_backslash,
          lightli_corner_chamber
D:14:     layout_rooms, david_vaults_4, kennysheep_minor_cross, basic_altar
D:15:     grunt_enter_depths_magical_seal, layout_stronghold,
          minmay_misc_feat_more_columns, uniq_agnes
Temple:   nicolae_temple_x_marks_the_god
Lair:1:   lemuel_reptile_caves, layout_gridlike, serial_bayou_shore_a,
          lemuel_fruit_tree, lemuel_fruit_fields
Lair:2:   layout_gridlike, infiniplex_staircase_pool_2, uniq_urug
Lair:3:   layout_roguey, spider_nest_entry_webs, gauntlet_entry_generic,
          enter_volcano_1, special_room [special_room_bee], beast_lair_carwin_11
Lair:4:   layout_gridlike, swamp_mist
Lair:5:   layout_loops_ring, slime_altar_2, beast_lair_carwin_7,
          grunt_megastairs_1, uniq_nessos, uniq_kirke
Lair:6:   evilmike_catoblepas_cave, layout_gridlike, st_stairs_6
Spider:1: layout_spider_delve
Spider:2: layout_spider_delve
Orc:1:    layout_diamond_mine
Orc:2:    pubby_orc_utopia

Skill      XL: |  1  2  3  4  5  6  7  8  9 10 11 12 13 14 15 16 17 |
---------------+----------------------------------------------------+-----
Axes           | 3 4 5 6 7 9 10 11 12 13 14 15 16 17 | 17.4
Shields        | 4 5 6 7 9 10 11 12 13 14 | 14.7
Fighting       | 4 5 7 8 10 11 12 14 16 17 | 17.0
Armour         | 4 6 7 8 9 10 11 12 | 12.6
Invocations    | 3 5 7 9 10 11 12 | 12.5

Action                   |  1- 3 |  4- 6 |  7- 9 | 10-12 | 13-15 | 16-18 || total
-------------------------+-------+-------+-------+-------+-------+-------++-------
Melee: War axe           |    72 |   157 |   199 |   709 |   206 |       ||  1343
       Scimitar          |       |       |       |     5 |     4 |    19 ||    28
       Battleaxe         |       |       |       |       |   591 |   496 ||  1087
Invok: Elemental Force   |       |       |       |       |     3 |     1 ||     4
       Disaster Area     |       |       |       |       |     3 |     3 ||     6
 Abil: Dig               |       |       |       |     1 |       |       ||     1
Evoke: Phantom mirror    |       |       |       |     1 |       |       ||     1
       Wand              |       |       |       |       |     4 |       ||     4
  Use: Potion            |       |     1 |     1 |     2 |     4 |     1 ||     9
       Scroll            |       |       |     7 |    12 |    15 |     6 ||    40
 Stab: Distracted        |       |       |       |       |     3 |       ||     3
  Eat: Chunk             |     1 |     6 |    12 |    22 |    27 |    18 ||    86
       Ration            |       |       |       |     2 |     1 |       ||     3
Armor: Scale mail        |     9 |       |       |       |    61 |       ||    70
       Chain mail        |    29 |    84 |    31 |       |       |       ||   144
       Plate armour      |       |       |    64 |   348 |    90 |   175 ||   677
       Fire dragon scale |       |       |       |       |    40 |       ||    40
Dodge: Dodged            |    32 |    38 |    47 |   178 |    98 |    69 ||   462
       Deflected         |       |       |       |     3 |     9 |     2 ||    14
Block: Shield            |    47 |    96 |   115 |    16 |       |       ||   274
       Buckler           |       |       |    12 |   266 |       |       ||   278
       Large shield      |       |       |       |   249 |   933 |   576 ||  1758
       Rpst.: Scimitar   |       |       |       |       |     1 |     1 ||     2

Table legend:
 A = Non-vault XP
 B = Vault XP
 C = Vault XP percentage of total XP
 D = Non-vault monster count
 E = Vault monster count
 F = Vault count percentage of total count
                 A         B        C        D         E       F
            +---------+---------+-------+---------+---------+-------
      Total |  104539 |   75739 |  42.0 |     601 |     389 |  39.3
            +---------+---------+-------+---------+---------+-------
        D:1 |      21 |       0 |   0.0 |      13 |       0 |   0.0
        D:2 |      67 |       0 |   0.0 |      13 |       0 |   0.0
        D:3 |     313 |      74 |  19.1 |      24 |      13 |  35.1
        D:4 |     159 |    1103 |  87.4 |       5 |      19 |  79.2
        D:5 |     836 |     865 |  50.9 |      28 |       3 |   9.7
        D:6 |     373 |     440 |  54.1 |       9 |       3 |  25.0
        D:7 |    1408 |     972 |  40.8 |      31 |       5 |  13.9
        D:8 |    1260 |      20 |   1.6 |      32 |      10 |  23.8
        D:9 |    1691 |    2422 |  58.9 |      29 |      10 |  25.6
       D:10 |    1917 |    2985 |  60.9 |      18 |      35 |  66.0
       D:11 |    5648 |    4662 |  45.2 |      31 |      17 |  35.4
       D:12 |    4071 |       0 |   0.0 |      40 |       0 |   0.0
       D:13 |    8347 |    7753 |  48.2 |      51 |      10 |  16.4
       D:14 |    6327 |    2245 |  26.2 |      19 |       4 |  17.4
       D:15 |   11392 |    7395 |  39.4 |      40 |      12 |  23.1
     Lair:1 |    5535 |    1211 |  18.0 |      28 |      26 |  48.1
     Lair:2 |    3871 |     863 |  18.2 |      21 |       1 |   4.5
     Lair:3 |   11404 |    2231 |  16.4 |      26 |      25 |  49.0
     Lair:4 |    3600 |       0 |   0.0 |      22 |       0 |   0.0
     Lair:5 |    2756 |    7665 |  73.6 |       7 |      20 |  74.1
     Lair:6 |   12378 |   12406 |  50.1 |      36 |      25 |  41.0
   Spider:1 |   14401 |       0 |   0.0 |      47 |       0 |   0.0
   Spider:2 |    6163 |       0 |   0.0 |      22 |       0 |   0.0
      Orc:1 |     601 |       0 |   0.0 |       9 |       0 |   0.0
      Orc:2 |       0 |   18264 | 100.0 |       0 |     140 | 100.0
      Sewer |       0 |     142 | 100.0 |       0 |       6 | 100.0
   Gauntlet |       0 |    2021 | 100.0 |       0 |       5 | 100.0
            +---------+---------+-------+---------+---------+-------
